 Dungeon Crawl Stone Soup version 0.32-a0-422-g28b100f618 (webtiles) character file.

Game seed: 7104235483747037697

690620 juan097 the Slayer (level 27, -5/352 HPs)
             Began as a Coglin Hunter on Feb 21, 2024.
             Was a High Priest of Qazlal.
             Slain by a death scarab (11 damage)
             ... summoned by a royal mummy
             ... on level 6 of a ziggurat.
             The game lasted 04:07:08 (70139 turns).

juan097 the Slayer (Coglin Hunter)                 Turns: 70139, Time: 04:07:08

Health: -5/352     AC: 37    Str: 18      XL:     27
Magic:  32/36      EV:  2    Int:  9 (10) God:    Qazlal [*****.]
Gold:   7864       SH:  7    Dex: 34      Spells: 26/41 levels left

rFire   + . .        h - +9 hand cannon (elec) {Olaf}
rCold   + . .        O - +3 greatsling "Punk" {acid, rCorr}
rNeg    . . .        u - melded +10 pearl dragon scales
rPois   +            G - melded +2 hat {Will+}
rElec   .            V - melded +1 cloak of Starlight {*Dazzle EV+4 Stlth--}
rCorr   +            H - melded +0 pair of gloves of Hoxt {Will+ Int+4}
SInv    .            y - melded +2 pair of boots
Will    +++..        N - amulet of Vitality {RegenMP++ Regen++}
Stlth   ++           S - ring "Weyb" {Wiz rF+ Dex+8 Stlth+}
HPRegen 2.38/turn    T - ring of Lugonu's Regard {rPois rC+ Will+ EV+5, =R}
MPRegen 1.05/turn

%: random rage (9%), repel missiles, wizardry (x1)
@: tree-form, protected from physical damage, hasted and slowed, studying
Staves, revving
A: stationary, stasis, torment immunity, boosted hp, off-hand wielding, slow
wielding, warmup strikes, (legs shutdown), (horns 1), berserk 2, deterioration
2, (fire resistance 1), strong 1, no potion heal 2
}: 4/15 runes: decaying, serpentine, slimy, silver
a: Renounce Religion, Upheaval, Elemental Force, Disaster Area


You were on level 6 of a ziggurat.
You worshipped Qazlal.
Qazlal was extremely pleased with you.
You were a tree.
You visited 12 branches of the dungeon, and saw 56 of its levels.
You visited 1 ziggurat, and saw 6 of its levels.
You also visited: Ossuary, Bailey and Ice Cave.

You collected 11916 gold pieces.
You spent 4052 gold pieces at shops.

Inventory:

Hand Weapons
 h - a +9 hand cannon of electrocution (weapon) {Olaf}
 O - the +3 greatsling "Punk" (offhand) {acid, rCorr}
   (You found it on level 5 of the Pits of Slime)

   rCorr:     It protects you from acid and corrosion.
Armour
 u - +10 pearl dragon scales (melded)
 y - a +2 pair of boots (melded)
 G - a +2 hat of willpower (melded)
 H - the +0 pair of gloves of Hoxt (melded) {Will+ Int+4}
   (You found it in an ice cave)

   Int+4:     It affects your intelligence (+4).
   Will+:     It increases your willpower.
 V - the +1 cloak of Starlight (melded) {*Dazzle EV+4 Stlth--}
   (You found it on level 3 of the Elven Halls)

   *Dazzle:   It may blind those who miss an attack against the wearer in melee
   combat.
   EV+4:      It affects your evasion (+4).
   Stlth--:   It makes you much less stealthy.
Jewellery
 b - a ring of see invisible
 m - the ring of Relativism {Fly rN+ Int+3}
   (You acquired it on level 9 of the Dungeon)

   [ring of flight]

   Int+3:     It affects your intelligence (+3).
   rN+:       It protects you from negative energy.
   Fly:       It grants you flight.
 N - the amulet of Vitality (around neck) {RegenMP++ Regen++}
   (You found it on level 3 of the Crypt)

   [amulet of magic regeneration]

   RegenMP:   It increases your rate of magic regeneration.
   Regen++:   It increases your rate of health regeneration.
 S - the ring "Weyb" (left branch) {Wiz rF+ Dex+8 Stlth+}
   (You bought it in a shop on level 2 of the Orcish Mines)

   [ring of wizardry]

   Wiz:       It improves your spell success rate.
   Dex+8:     It affects your dexterity (+8).
   rF+:       It protects you from fire.
   Stlth+:    It makes you more stealthy.
 T - the ring of Lugonu's Regard (right branch) {rPois rC+ Will+ EV+5, =R}
   (You took it off a deep elf zephyrmancer on level 3 of the Elven Halls)

   [ring of evasion]

   EV+5:      It affects your evasion (+5).
   rC+:       It protects you from cold.
   rPois:     It protects you from poison Will+: It increases your willpower.
Wands
 K - a wand of quicksilver (4)
 L - a wand of charming (49)
 U - a wand of iceblast (56)
 Y - a wand of digging (9)
Scrolls
 c - 8 scrolls of immolation
 e - 20 scrolls of teleportation
 f - 6 scrolls of revelation
 i - 4 scrolls of blinking
 s - 3 scrolls of butterflies
 A - 11 scrolls of fog
 D - 3 scrolls of enchant weapon
 E - 11 scrolls of vulnerability
 F - 2 scrolls of silence
 P - 3 scrolls of enchant armour
 W - 2 scrolls of poison
Potions
 a - 5 potions of resistance
 k - a potion of haste
 n - 11 potions of brilliance
 p - 13 potions of curing
 r - 26 potions of heal wounds
 t - 2 potions of berserk rage
 v - 3 potions of mutation
 w - 11 potions of enlightenment
 z - 10 potions of magic
 B - 12 potions of lignification
 C - 6 potions of might
 I - 6 potions of cancellation
 J - 7 potions of invisibility
 Q - 6 potions of ambrosia
Miscellaneous
 d - a phantom mirror
 x - a tin of tremorstones (2/2)
 R - a lightning rod (4/4)
 X - a phial of floods
 Z - a sack of spiders


   Skills:
 + Level 23.1 Fighting
 - Level 18.0 Ranged Weapons
 + Level 22.6 Armour
 + Level 22.6 Dodging
 - Level 3.2 Stealth
 + Level 7.6 Spellcasting
 * Level 12.0 Translocations
 - Level 18.0 Invocations
 + Level 20.3 Evocations


You had 26 spell levels left.
You knew the following spells:

 Your Spells              Type           Power      Damage    Failure   Level
a - Apportation           Tloc           50%        N/A       1%          1
b - Blink                 Tloc           50%        N/A       1%          2
c - Passage of Golubria   Tloc           25%        N/A       1%          4
d - Lesser Beckoning      Tloc           50%        N/A       1%          2
e - Dispersal             Tloc           12%        N/A       9%          6

Your spell library contained the following spells:

 Spells                   Type           Power      Damage    Failure   Level
 Momentum Strike          Conj/Tloc      28%        3d8       1%          2
 Gell's Gravitas          Tloc           25%        N/A       1%          3
 Teleport Other           Tloc           25%        N/A       1%          3
 Vhi's Electric Charge    Tloc/Air       28%        N/A       6%          4
 Foxfire                  Conj/Fire      12%        2x1d4     8%          1
 Freeze                   Ice            12%        1d3       8%          1
 Kiss of Death            Conj/Necr      12%        2d6       8%          1
 Magic Dart               Conj           12%        1d3       8%          1
 Necrotise                Necr           12%        1d4       8%          1
 Slow                     Hex            12%        N/A       8%          1
 Sting                    Conj/Alch      12%        1d3       8%          1
 Call Imp                 Summ           6%         N/A       12%         2
 Cigotuvi's Dreadful Rot  Necr/Alch/Air  6%         N/A       12%         2
 Ensorcelled Hibernation  Hex/Ice        6%         N/A       12%         2
 Jinxbite                 Hex            6%         N/A       12%         2
 Mercury Vapours          Alch/Air       6%         N/A       12%         2
 Searing Ray              Conj           6%         2d4       12%         2
 Static Discharge         Conj/Air       6%         3-4/arc   12%         2
 Sublimation of Blood     Necr           3%         N/A       12%         2
 Confusing Touch          Hex            3%         N/A       22%         3
 Dazzling Flash           Conj/Hex       6%         N/A       22%         3
 Frozen Ramparts          Ice            6%         1d1       22%         3
 Fugue of the Fallen      Necr           3%         N/A       22%         3
 Hailstorm                Conj/Ice       3%         3d5       22%         3
 Inner Flame              Hex/Fire       3%         N/A       22%         3
 Ozocubu's Armour         Ice            3%         N/A       22%         3
 Passwall                 Erth           3%         N/A       22%         3
 Sigil of Binding         Hex            3%         N/A       22%         3
 Stone Arrow              Conj/Erth      6%         3d7       22%         3
 Summon Ice Beast         Ice/Summ       3%         N/A       22%         3
 Swiftness                Air            3%         N/A       22%         3
 Tukima's Dance           Hex            3%         N/A       22%         3
 Vampiric Draining        Necr           3%         2d6       22%         3
 Airstrike                Air            1%         2d(1-17)  56%         4
 Animate Armour           Summ/Erth      6%         N/A       56%         4
 Animate Dead             Necr           3%         N/A       56%         4
 Cause Fear               Hex            1%         N/A       56%         4
 Dispel Undead            Necr           3%         3d7       56%         4
 Flame Wave               Conj/Fire      3%         2d5       56%         4
 Fulminant Prism          Conj/Alch      1%         3d5       56%         4
 Ignite Poison            Fire/Alch      3%         N/A       56%         4
 Leda's Liquefaction      Alch/Erth      1%         N/A       56%         4
 Martyr's Knell           Necr/Summ      3%         N/A       56%         4
 Olgreb's Toxic Radiance  Alch           3%         N/A       56%         4
 Petrify                  Alch/Erth      3%         N/A       56%         4
 Sticky Flame             Fire/Alch      3%         2d4       56%         4
 Summon Lightning Spire   Summ/Air       3%         N/A       56%         4
 Alistair's Intoxication  Alch           2%         N/A       88%         5
 Arcjolt                  Conj/Air       1%         1d11      88%         5
 Borgnjor's Vile Clutch   Necr/Erth      1%         N/A       88%         5
 Curse of Agony           Necr           3%         N/A       88%         5
 Fireball                 Conj/Fire      1%         3d3       88%         5
 Freezing Cloud           Conj/Ice/Air   1%         6-21      88%         5
 Irradiate                Conj/Alch      1%         3d12      88%         5
 Lee's Rapid Deconstruct  Erth           1%         3d4*      88%         5
 Metabolic Englaciation   Hex/Ice        1%         N/A       88%         5
 Silence                  Hex/Air        1%         N/A       88%         5
 Summon Mana Viper        Hex/Summ       3%         N/A       88%         5
 Yara's Violent Unravell  Hex/Alch       1%         3d3       88%         5
 Bombard                  Conj/Erth      1%         9d1       100%        6
 Death Channel            Necr           1%         N/A       100%        6
 Sculpt Simulacrum        Ice/Alch       1%         N/A       100%        6
 Enfeeble                 Hex            1%         N/A       100%        7
 Haunt                    Necr/Summ      1%         N/A       100%        7
 Monstrous Menagerie      Summ           1%         N/A       100%        7
 Ozocubu's Refrigeration  Ice            1%         4d7       100%        7
 Summon Hydra             Summ           1%         N/A       100%        7
 Borgnjor's Revivificati  Necr           1%         N/A       100%        8
 Discord                  Hex            1%         N/A       100%        8
 Lehudib's Crystal Spear  Conj/Erth      1%         10d2      100%        8
 Maxwell's Capacitive Co  Air            1%         ∞         100%        8
 Chain Lightning          Conj/Air       1%         3d2       100%        9
 Dragon's Call            Summ           1%         N/A       100%        9


Dungeon Overview and Level Annotations

Branches:
Dungeon (15/15)            Temple (1/1) D:4            Lair (5/5) D:9
  Swamp (4/4) Lair:3        Snake (4/4) Lair:2        Slime (5/5) Lair:4
    Orc (2/2) D:12            Elf (3/3) Orc:2        Vaults (5/5) D:13
  Crypt (3/3) Vaults:2       Tomb (0/3) Crypt:3      Depths (4/4) D:15
    Zot (5/5) Depths:4    Ossuary (visited)          Bailey (visited)
  IceCv (visited)

Altars:
Ashenzari
Cheibriados
Dithmenos
Elyvilon
Fedhas
Gozag
Hepliaklqana
Kikubaaqudgha
Makhleb
Nemelex Xobeh
Okawaru
Qazlal
Ru
Sif Muna
Trog
Uskayaw
Vehumet
Wu Jian
Xom
Yredelemnul
Zin
The Shining One
Beogh
Jiyva

Shops:
D:8 *   D:12 **   D:13 =   D:14 [*   Orc:2 =(:(=(   Elf:2 *   Elf:3 (
Snake:1 (:=:   Snake:4 :([   Vaults:1 [   Vaults:2 !   Vaults:3 !

Portals:
Hell: Depths:1 Depths:2 Depths:3 Depths:4
Abyss: Depths:3
Pandemonium: Depths:2 Depths:4


Innate Abilities, Weirdness & Mutations

You are a tree.
Your roots penetrate the ground, keeping you stationary.
You cannot be teleported.
You are immune to unholy pain and torment.
Your maximum health is greatly increased.
Your equipment is partially melded.
You can wield a second weapon in your off-hand.
It takes a long time for you to wield or remove held weapons.
Your first few attacks do less damage.
((Attacking and casting redirects power from your legs.))
((You have a pair of small horns on your head.))
You have an uncontrollable temper.
Your body often deteriorates upon taking damage.
((Your flesh is heat resistant. (rF+)))
Your muscles are strong. (Str +4, Int/Dex -1)
Potions cannot restore your health.


Message History

The death scarab draws strength from your injuries!
The death scarab bites you but does no damage. x2
The emperor scorpion stings you but does no damage.
The emperor scorpion claws you but does no damage. x2
The emperor scorpion is engulfed in freezing vapours.
You kill the emperor scorpion!
The emperor scorpion's corpse disappears in a puff of smoke!
The emperor scorpion stings you.
* * * LOW HITPOINT WARNING * * *
You are more poisoned.
The emperor scorpion poisons you!
The emperor scorpion claws you but does no damage. x2
The death scarab bites you.
* * * LOW HITPOINT WARNING * * *
The death scarab draws strength from your injuries!
The death scarab bites you but does no damage.
The death scarab is engulfed in blazing flames.
The death scarab bites you!
* * * LOW HITPOINT WARNING * * *
The death scarab drains your vigour!
You already are as slow as you could be.
The death scarab draws strength from your injuries!
The death scarab bites you!
* * * LOW HITPOINT WARNING * * *
The death scarab draws strength from your injuries!
The emperor scorpion stings you but does no damage.
The emperor scorpion claws you but does no damage. x2
The emperor scorpion stings you!
* * * LOW HITPOINT WARNING * * *
The emperor scorpion claws you but does no damage. x2
Your system rejects the healing.
You feel better.
The royal mummy is no longer encased in ice. x2
The death scarab bites you but does no damage. x3
You block the death scarab's attack.
The death scarab is engulfed in blazing flames.
The death scarab bites you!
* * * LOW HITPOINT WARNING * * *
The death scarab draws strength from your injuries!
The death scarab bites you!
You die...

▓▓ ▓▓▓.▓▓▓
.......▓▓▓
.........▓▓
.....§Bs°.▓
.....sBBB.▓
.....Ms♣B○▓▓
....§sBsB..▓
...≈.≈ss.○▓▓
...≈§.M.§.▓
.....§...≈▓
...§§§...▓▓
...≈≈..▓▓▓
▓▓▓.▓▓▓ ▓▓


You could see 2 royal mummies, 7 emperor scorpions and 7 death scarabs.

Vanquished Creatures
  the Royal Jelly (Slime:5)
  Khufu (Crypt:1)
  11 orbs of fire
  5 dread liches
  4 ancient liches
  Mennas (Crypt:1)
  Mara (Vaults:1)
  A juggernaut (Depths:2)
  Saint Roka (Orc:1)
  4 Killer Klowns
  3 curse toes
  Vashnia (Snake:2)
  7 golden dragons
  Nikola (Snake:2)
  3 bone dragons
  5 electric golems
  14 tentacled monstrosities
  Rupert (D:11)
  Jorgrun (Snake:2)
  6 liches
  25 Orb Guardians (Zot:5)
  Zenata (Crypt:1)
  7 quicksilver dragons
  A shard shrike skeleton (Crypt:3)
  2 deep elf master archers (Elf:3)
  4 titans
  23 acid blobs
  Frances (Snake:2)
  6 death cobs
  6 deep elf blademasters
  2 thorn hunters
  10 shadow dragons
  6 sphinxes
  12 ancient champions
  Gastronok (D:12)
  The ghost of Monkooky the Metamorph, an adept AtSh of Jiyva (Swamp:4)
  Donald (Snake:1)
  Aizul (Snake:2)
  15 storm dragons
  6 tengu reavers
  A protean progenitor (Zot:3)
  2 fenstrider witches
  6 revenants
  The ghost of Strat the Warrior, an adept DrFi of Hepliaklqana (Swamp:4)
  Roxanne (Snake:3)
  9 rockslimes
  21 azure jellies
  14 fire giants
  5 draconian monks
  5 deep elf sorcerers
  6 draconian shifters
  The ghost of Ceno the Spry, an adept FeAl of Jiyva (Swamp:4)
  The ghost of MadMike78 the Severer, a journeyman MDFi of Beogh (Snake:2)
  4 nagarajas
  13 frost giants
  2 reapers (Depths:1)
  7 draconian knights
  An iron dragon (Zot:3)
  4 angels
  A caustic shrike zombie (Depths:1)
  5 deep elf elementalists (Elf:3)
  5 draconian scorchers
  A balrug (Depths:3)
  2 ghost moths
  2 orc warlords
  21 vault wardens
  2 draconian stormcallers
  24 ironbound preservers
  4 formless jellyfish
  17 very ugly things
  9 draconian annihilators
  5 caustic shrike skeletons (Crypt:3)
  2 broodmothers (Zot:3)
  The ghost of bakla the Grappler, a journeyman TrAl of Wu Jian (Swamp:4)
  5 ghouls
  A juggernaut skeleton (Crypt:3)
  20 quicksilver oozes
  A formless jellyfish (shapeshifter) (Zig:3)
  14 stone giants
  11 ironbound thunderhulks
  5 black draconians
  9 deep elf death magi
  6 war gargoyles
  7 green draconians
  6 deep elf demonologists
  3 bunyips
  16 purple draconians
  4 eleionomae
  14 white draconians
  11 yellow draconians
  A bunyip (shapeshifter) (Vaults:4)
  7 deep elf annihilators
  5 vampire knights
  6 dire elephants
  4 spark wasps
  10 red draconians
  5 eidola
  30 ettins
  The ghost of Esyecac the Fighter, a journeyman GnWn of Makhleb (D:11)
  A shambling mangrove (Swamp:3)
  2 mummy priests (Zig:6)
  13 fire dragons
  3 entropy weavers
  A green death (Depths:4)
  7 jiangshi
  A crystal guardian (Vaults:1)
  15 yaktaur captains
  2 deep elf high priests
  2 spriggan zombies
  18 great orbs of eyes
  A fenstrider witch zombie (Crypt:2)
  3 salamander tyrants
  An entropy weaver (shapeshifter) (Elf:1)
  A hell beast (Depths:4)
  21 hydras
  3 ice dragons (Depths:2)
  3 rakshasas
  2 peacekeepers
  34 vault guards
  5 spriggan air magi
  12 anacondas
  3 ogre magi
  A fenstrider witch skeleton (Crypt:2)
  9 alligators
  10 ironbound frosthearts
  2 spriggan skeletons (Crypt:3)
  2 catoblepae
  11 two-headed ogres
  The ghost of zeratav the Cleaver, a novice MiFi of Beogh (D:8)
  2 ghost crabs
  8 centaur warriors
  6 boulder beetles
  A satyr (shapeshifter) (Vaults:5)
  10 deep troll earth magi
  2 death knights
  A titan zombie (Crypt:2)
  6 tengu warriors
  9 deep troll shamans
  A hell hog (Depths:3)
  36 dancing weapons
  14 naga warriors
  6 orc high priests
  4 vampire magi
  3 spriggan berserkers
  3 occultists
  5 shock serpents
  22 naga sharpshooters
  7 hell knights
  8 soul eaters
  2 shadow wraiths (Crypt:2)
  4 titan skeletons (Crypt:3)
  A skyshark (Lair:4)
  6 sun demons
  15 deep elf knights
  A pharaoh ant (Zig:2)
  A spark wasp zombie (Depths:1)
  8 salamander mystics
  2 sea snakes (Snake:1)
  12 iron trolls
  42 skeletal warriors
  A deep troll (shapeshifter) (Vaults:4)
  2 orange crystal statues (IceCv)
  A sun moth (shapeshifter) (Vaults:5)
  3 spriggan druids
  An orb spider (shapeshifter) (D:12)
  12 naga ritualists
  2 glowing orange brains
  7 arcanists
  60 deep trolls
  4 goliath frogs
  20 ironbound convokers
  10 lindwurms
  An obsidian statue (D:12)
  3 flayed ghosts
  10 mana vipers
  11 bog bodies
  13 deep elf archers
  10 swamp dragons
  An eye of devastation (shapeshifter) (Vaults:5)
  10 necromancers
  2 bunyip skeletons (Crypt:3)
  A golden dragon skeleton (Depths:1)
  11 orc knights
  15 phantasmal warriors
  A steelbarb worm (Zig:2)
  14 harpies
  32 deep elf pyromancers
  50 ugly things
  A wolf spider (Lair:5)
  16 deep elf zephyrmancers
  A manticore (shapeshifter) (Vaults:5)
  A frost giant zombie (Vaults:1)
  An oklob plant (Lair:5)
  2 cyclopes
  31 salamanders
  5 shining eyes
  3 orc sorcerers
  A jorogumo skeleton (Crypt:2)
  8 manticores
  4 meliai (D:13)
  2 will-o-the-wisps
  An iron dragon skeleton (Crypt:3)
  36 moths of wrath
  43 black mambas
  2 kobold blastminers (Orc:2)
  2 frost giant skeletons
  A fire giant skeleton (Vaults:1)
  25 vault sentinels
  3 stone giant skeletons
  2 torpor snails
  22 naga magi
  4 elephants
  15 cane toads
  Maggie (D:7)
  5 guardian serpents
  3 smoke demons
  An unseen horror (D:13)
  A dire elephant skeleton (Crypt:3)
  An eye of devastation (Slime:5)
  2 hellions
  A yellow draconian zombie (Crypt:1)
  A kobold demonologist (D:11)
  A rime drake (Lair:3)
  5 naga skeletons (Crypt:3)
  An unseen horror zombie (Crypt:3)
  Jeremiah (D:7)
  28 yaktaurs
  A steelbarb worm zombie (Crypt:1)
  3 efreet
  7 freezing wraiths
  7 guardian mummies
  An iron troll zombie (Crypt:1)
  3 tengu conjurers
  A yellow draconian skeleton (Crypt:2)
  An alligator snapping turtle skeleton (Crypt:3)
  A bunyip simulacrum (Crypt:3)
  A great orb of eyes zombie (Crypt:1)
  10 komodo dragons
  2 bloated husks (Swamp:2)
  2 silent spectres (Zig:5)
  A death yak skeleton (Crypt:2)
  A merfolk (shapeshifter) (Vaults:5)
  6 polar bears
  7 trolls
  4 tyrant leeches
  A wolf spider simulacrum (D:15)
  12 dream sheep
  A harpy skeleton (Crypt:3)
  9 hornets
  A tarantella (Vaults:4)
  19 blink frogs
  2 ettin zombies
  A death drake skeleton (Crypt:1)
  8 glass eyes
  A jumping spider (Zig:2)
  A shadow (D:12)
  5 air elementals
  A guardian serpent skeleton (Crypt:1)
  56 yaks
  A culicivora (Vaults:4)
  A dire elephant simulacrum (Crypt:2)
  Sigmund (D:6)
  An ushabti (Zig:6)
  A spriggan (shapeshifter) (Elf:2)
  5 spriggans
  A culicivora (shapeshifter) (Elf:1)
  5 wraiths
  4 water elementals
  3 ettin skeletons (Crypt:3)
  134 slime creatures
  4 fire elementals
  18 wyverns
  10 wargs
  4 steam dragons
  A golden eye (Slime:3)
  20 vampire mosquitoes
  2 basilisks (Lair:5)
  2 redbacks
  A redback (shapeshifter) (Elf:1)
  A yaktaur simulacrum (Vaults:4)
  Grum (D:8)
  A chaos spawn (Zig:3)
  A harpy simulacrum (Crypt:2)
  15 swamp worms
  Edmund (D:5)
  2 glowing shapeshifter zombies
  48 nagas
  5 acid dragons
  7 great orb of eyes simulacra (IceCv)
  A glowing shapeshifter skeleton (Depths:2)
  23 water moccasins
  An ogre zombie (Vaults:3)
  9 swamp drakes
  41 orc warriors
  3 ice beasts
  A sky beast (D:8)
  3 black bears
  2 human zombies
  12 laughing skulls
  18 ogres
  An ogre (shapeshifter) (D:13)
  2 human skeletons (Vaults:4)
  18 wolves
  13 boggarts
  9 centaurs
  A rime drake zombie (Crypt:1)
  An elephant skeleton (Crypt:3)
  5 slime creature simulacra (IceCv)
  A phantom (D:6)
  2 kobold brigands
  A yaktaur zombie (Crypt:2)
  A vine stalker zombie (Crypt:3)
  3 gnoll sergeants
  13 bullfrogs
  4 glowing shapeshifter simulacra
  4 scorpions
  A raiju zombie (Crypt:3)
  32 wights
  7 killer bees
  5 crimson imps
  4 electric eels
  3 howler monkeys
  A lava snake (Snake:2)
  3 hounds
  A jelly (D:5)
  20 orc priests
  4 spectral scorpions (Ossuary)
  A centaur skeleton (Ossuary)
  5 iguanas
  Terence (D:2)
  Natasha (thrice) (D:1)
  16 orc wizards
  11 hell rats
  A killer bee zombie (Crypt:1)
  A crocodile zombie (Ossuary)
  A tengu skeleton (Crypt:2)
  25 mummies
  2 ogre skeletons (Ossuary)
  A hound skeleton (Crypt:3)
  Robin (D:2)
  14 gnolls
  12 adders
  A shadow imp (D:5)
  2 white imps
  4 ufetubi
  2 dart slugs
  2 ribbon worms
  95 orcs
  A bat skeleton (Crypt:2)
  12 endoplasms
  A giant cockroach (D:2)
  16 goblins
  11 hobgoblins
  6 jackals (D:2)
  6 quokkas
  3 ball pythons
  6 bats
  3 frilled lizards
  A frilled lizard skeleton (Crypt:3)
  A frilled lizard zombie (Crypt:3)
  A gnoll skeleton (Ossuary)
  A goblin skeleton (Crypt:2)
  A hobgoblin skeleton (Crypt:2)
  A hobgoblin zombie (Crypt:2)
  16 kobolds
  3 kobold skeletons (Ossuary)
  An orc skeleton (Ossuary)
  A quokka skeleton (Crypt:3)
  3 rats
  A spectral kobold (D:1)
  10 spectral rats (Ossuary)
  2 butterflies (Zot:3)
2701 creatures vanquished.

Vanquished Creatures (collateral kills)
  Parghit (Depths:4)
  the Lernaean hydra (Swamp:4)
  An azure jelly (Lair:4)
  Louise (D:15)
  An ironbound thunderhulk (Vaults:3)
  An ettin (Vaults:3)
  2 anacondas (Snake:1)
  A black mamba (Snake:1)
  A tengu conjurer (D:15)
  A naga (Snake:1)
  An orc priest (D:9)
12 creatures vanquished.

Vanquished Creatures (others)
  2 draconian knights
  A vault warden (Vaults:5)
  A deep elf annihilator (Elf:3)
  A vault guard (Vaults:5)
  A great orb of eyes (Slime:5)
  A vampire mage (Depths:3)
  A shadow wraith (Vaults:3)
  2 deep trolls (Vaults:4)
  A mana viper (shapeshifter) (Vaults:5)
  A salamander (Snake:2)
  A vampire mosquito (D:13)
  A naga (Snake:2)
  A swamp worm (Swamp:2)
  4 foxfires (Swamp:3)
19 creatures vanquished.

Grand Total: 2732 creatures vanquished

Notes
Turn   | Place    | Note
-------+----------+-------------------------------------------
     0 | D:1      | juan097 the Coglin Hunter began the quest for the Orb.
     0 | D:1      | Reached XP level 1. HP: 16/16 MP: 1/1
    40 | D:1      | Found a faded altar of an unknown god.
    69 | D:1      | Prayed at the altar of an unknown god.
    69 | D:1      | Became a worshipper of Qazlal Stormbringer
    69 | D:1      | Reached * piety under Qazlal
    88 | D:1      | Reached skill level 1 in Stealth
   101 | D:1      | Reached XP level 2. HP: 22/22 MP: 2/2
   436 | D:1      | Reached XP level 3. HP: 27/27 MP: 3/3
   844 | D:2      | Noticed Natasha
   847 | D:2      | Noticed Terence
   854 | D:1      | Killed Natasha
   855 | D:1      | Reached XP level 4. HP: 12/33 MP: 4/4
   975 | D:2      | Noticed Robin
   980 | D:2      | Killed Robin
  1002 | D:2      | Reached ** piety under Qazlal
  1242 | D:2      | Reached XP level 5. HP: 36/38 MP: 5/5
  1377 | D:1      | Noticed Natasha
  1387 | D:1      | Killed Natasha
  1395 | D:1      | Noticed Natasha
  2080 | D:3      | Reached skill level 5 in Ranged Weapons
  2080 | D:3      | Reached XP level 6. HP: 41/46 MP: 6/6
  3281 | D:4      | Found a staircase to the Ecumenical Temple.
  3322 | Temple   | Entered the Ecumenical Temple
  3416 | D:4      | Reached skill level 3 in Fighting
  3495 | D:4      | Found a shimmering altar of Xom.
  3630 | D:3      | Reached skill level 1 in Armour
  3630 | D:3      | Reached XP level 7. HP: 52/52 MP: 7/7
  3767 | D:4      | Reached skill level 1 in Invocations
  4197 | D:5      | Entered Level 5 of the Dungeon
  4304 | D:5      | Found a stormy altar of Qazlal.
  4677 | D:5      | Reached skill level 4 in Fighting
  4677 | D:5      | Reached XP level 8. HP: 60/60 MP: 9/9
  5023 | D:5      | Reached *** piety under Qazlal
  5143 | D:5      | Noticed Edmund
  5386 | D:2      | Killed Terence
  5417 | D:1      | Killed Natasha
  5885 | D:6      | Found a sand-covered staircase.
  5890 | Ossuary  | Entered an ossuary
  6299 | Ossuary  | Reached **** piety under Qazlal
  7148 | D:5      | Reached XP level 9. HP: 65/65 MP: 11/11
  7395 | D:5      | Found a hazy altar of Hepliaklqana.
  7492 | D:5      | Killed Edmund
  7606 | D:5      | Got the Grimoire of Feathery Substances
  7658 | D:5      | Upgraded the game from 0.32-a0-411-g744942f433 to
                  | 0.32-a0-422-g28b100f618
  7658 | D:5      | Identified a scroll of acquirement
  7916 | D:6      | Found a blossoming altar of Fedhas.
  7951 | D:6      | Noticed Sigmund
  8688 | D:7      | Noticed Maggie
  8984 | D:6      | Found an iron altar of Okawaru.
  9188 | D:6      | Killed Sigmund
  9189 | D:6      | Reached skill level 5 in Fighting
  9317 | D:7      | Found an ancient bone altar of Kikubaaqudgha.
  9317 | D:7      | Noticed Jeremiah
  9356 | D:7      | Killed Jeremiah
  9357 | D:7      | Reached skill level 5 in Armour
  9357 | D:7      | Reached XP level 10. HP: 48/74 MP: 13/13
  9763 | D:7      | Killed Maggie
 10589 | D:7      | Acquired a +2 hand cannon of electrocution
 10645 | D:8      | Reached skill level 5 in Invocations
 10898 | D:8      | Reached ***** piety under Qazlal
 11117 | D:8      | Reached skill level 6 in Fighting
 11117 | D:8      | Reached skill level 5 in Dodging
 11247 | D:8      | Found Hetap's Mayhem Merchandise.
 11396 | D:8      | Noticed Grum
 11405 | D:8      | Killed Grum
 11423 | D:8      | Found a runed translucent door.
 11424 | D:8      | Noticed zeratav's ghost (novice MiFi)
 11509 | D:8      | Identified the +3 trident of Painful Death {holy, Fly}
 11836 | D:8      | Reached XP level 11. HP: 75/83 MP: 15/15
 12002 | D:9      | Found a flagged portal.
 12092 | Bailey   | Entered a bailey
 12101 | Bailey   | Reached skill level 7 in Fighting
 12211 | Bailey   | Noticed an orc knight
 12212 | Bailey   | Noticed an orc knight
 12212 | Bailey   | Noticed an orc knight
 12311 | Bailey   | Killed an orc knight
 12337 | Bailey   | Killed an orc knight
 12534 | D:9      | Acquired the ring of Relativism {Fly rN+ Int+3}
 12659 | D:9      | Reached skill level 1 in Evocations
 12675 | D:9      | Found a staircase to the Lair.
 12765 | D:9      | Found a transporter.
 12766 | D:9      | Noticed a manticore
 12778 | D:9      | Noticed a boulder beetle
 12813 | D:9      | Found an opulent altar of Gozag.
 12916 | D:9      | Found a burning altar of Makhleb.
 13110 | D:9      | Reached skill level 10 in Ranged Weapons
 13115 | D:9      | Found a transporter.
 13301 | Lair:1   | Entered Level 1 of the Lair of Beasts
 13586 | Lair:1   | Reached skill level 8 in Fighting
 13600 | D:9      | Reached XP level 12. HP: 66/92 MP: 16/16
 13675 | D:10     | Entered Level 10 of the Dungeon
 13903 | D:10     | Found a sparkling altar of Nemelex Xobeh.
 14384 | D:11     | Noticed a two-headed ogre
 14386 | D:11     | Noticed a two-headed ogre
 14389 | D:11     | Killed a two-headed ogre
 14391 | D:11     | Killed a two-headed ogre
 14392 | D:11     | Reached skill level 5 in Evocations
 14442 | D:11     | Noticed a two-headed ogre
 14442 | D:11     | Noticed a boulder beetle
 14448 | D:11     | Killed a boulder beetle
 14453 | D:11     | Killed a two-headed ogre
 15069 | D:12     | Noticed Rupert
 16848 | Lair:1   | Reached XP level 13. HP: 98/98 MP: 19/19
 17157 | Lair:2   | Found a staircase to the Snake Pit.
 18241 | Lair:3   | Found a staircase to the Swamp.
 18540 | Lair:4   | Found a staircase to the Slime Pits.
 18823 | Lair:4   | Reached ****** piety under Qazlal
 19197 | Lair:5   | Entered Level 5 of the Lair of Beasts
 19217 | Lair:4   | Reached XP level 14. HP: 105/106 MP: 20/20
 19422 | Lair:5   | Reached skill level 9 in Fighting
 19431 | Lair:5   | Identified the +6 plate armour "Degu Qut" {Str+3 Slay+5}
 21025 | D:12     | Noticed Gastronok
 21031 | D:12     | Killed Gastronok
 21210 | D:12     | Found a runed translucent gate.
 21210 | D:12     | Found a runed translucent gate.
 21210 | D:12     | Found a runed translucent gate.
 21211 | D:12     | Found an opulent altar of Gozag.
 21212 | D:12     | Found Pavuw's Assorted Antiques.
 21228 | D:12     | Found Awkusear's Assorted Antiques.
 21228 | D:12     | Noticed Esyecac's ghost (journeyman GnWn)
 21373 | D:12     | Found a staircase to the Orcish Mines.
 21602 | Orc:1    | Entered Level 1 of the Orcish Mines
 22113 | Orc:2    | Entered Level 2 of the Orcish Mines
 22116 | Orc:2    | Noticed Saint Roka
 22542 | D:13     | Reached XP level 15. HP: 48/115 MP: 21/21
 22932 | D:13     | Reached skill level 10 in Fighting
 23113 | D:13     | Reached skill level 15 in Ranged Weapons
 23137 | D:13     | Found a gate to the Vaults.
 23194 | D:13     | Reached skill level 10 in Evocations
 23345 | D:13     | Found Afuxit's Jewellery Shoppe.
 24099 | D:14     | Found Laumel's Luxury Loot.
 24113 | D:14     | Reached skill level 10 in Armour
 24241 | D:14     | Found Apollo's Dragon-Slaying Spoils.
 24516 | D:15     | Entered Level 15 of the Dungeon
 24663 | D:15     | Noticed Louise
 24675 | D:15     | Killed Louise
 24953 | D:15     | Found a staircase to the Depths.
 25359 | D:11     | Killed Esyecac's ghost
 25360 | D:11     | Reached skill level 10 in Invocations
 25444 | D:12     | Bought 2 fuming purple potions for 57 gold pieces
 25494 | D:11     | Killed Rupert
 25891 | Orc:1    | Killed Saint Roka
 25892 | Orc:1    | Reached skill level 11 in Fighting
 25892 | Orc:1    | Reached XP level 16. HP: 66/125 MP: 23/23
 26154 | Orc:2    | Found a staircase to the Elven Halls.
 26187 | Orc:2    | Found Doghio Duces's Self-Improvement Boutique.
 26365 | Orc:2    | Found Qaerr's Antique Weapon Shop.
 26586 | Orc:2    | Found Ybaudizxa's Weapon Shop.
 26589 | Orc:2    | Found Ufedghyu's Jewellery Boutique.
 26677 | Orc:2    | Found a roughly hewn altar of Beogh.
 26735 | Orc:2    | Found Xid Xekh's Antique Weapon Boutique.
 26737 | Orc:2    | Found Iroedel's Jewellery Shop.
 27176 | Orc:2    | Bought a ring of poison resistance for 300 gold pieces
 27207 | Orc:2    | Bought the ring "Weyb" {Wiz rF+ Dex+8 Stlth+} for 1017 gold
                  | pieces
 27241 | Orc:2    | Bought a manual of Dodging for 1200 gold pieces
 27417 | Snake:1  | Entered Level 1 of the Snake Pit
 27417 | Snake:1  | Noticed Donald
 27427 | Snake:1  | Killed Donald
 27718 | Snake:1  | Reached skill level 12 in Fighting
 27730 | Snake:1  | Reached skill level 10 in Dodging
 27894 | Snake:1  | Found Zemedd's Weapon Emporium.
 28120 | Snake:1  | Found Doixutat's Book Boutique.
 28120 | Snake:1  | Found Kiankaogg's Jewellery Shoppe.
 28121 | Snake:1  | Found Kesap's Book Boutique.
 28223 | Snake:2  | Noticed Frances
 28230 | Snake:2  | Killed Frances
 28325 | Snake:2  | Noticed Nikola
 28334 | Snake:2  | Killed Nikola
 28570 | Snake:2  | Reached XP level 17. HP: 111/133 MP: 24/24
 28626 | Snake:2  | Noticed Jorgrun
 28630 | Snake:2  | Killed Jorgrun
 28813 | Snake:2  | Noticed MadMike78's ghost (journeyman MDFi)
 28813 | Snake:2  | Found a runed translucent door.
 28957 | Snake:2  | Noticed Vashnia
 29203 | Snake:2  | Killed Vashnia
 29204 | Snake:2  | Reached skill level 15 in Dodging
 29763 | Snake:2  | Identified the serpent talisman of Unambiguity {rN+ rCorr
                  | Stlth-}
 29763 | Snake:2  | Noticed Aizul
 29773 | Snake:2  | Killed Aizul
 30446 | Snake:3  | Noticed Roxanne
 31415 | Snake:3  | Killed Roxanne
 31441 | Snake:4  | Entered Level 4 of the Snake Pit
 31523 | Snake:4  | Found Qoev's Armour Emporium.
 31525 | Snake:4  | Found Nouzoimo's Antique Weapon Shoppe.
 31527 | Snake:4  | Found Bokutet's Book Emporium.
 31561 | Snake:4  | Reached XP level 18. HP: 119/140 MP: 25/25
 31838 | Snake:4  | Acquired 787 gold pieces
 32610 | Snake:4  | Got a serpentine rune of Zot
 32886 | Snake:1  | Bought the ring of Okawaru's Condemnation {rPois Will++
                  | Int+6} for 918 gold pieces
 33009 | Swamp:1  | Entered Level 1 of the Swamp
 33659 | Swamp:2  | Reached skill level 13 in Fighting
 34133 | Swamp:3  | Found a glacial archway.
 34197 | IceCv    | Entered an ice cave
 34542 | IceCv    | Reached XP level 19. HP: 106/149 MP: 27/27
 34797 | IceCv    | Found a viscous altar of Jiyva.
 34813 | IceCv    | Identified the +0 pair of gloves of Hoxt {Will+ Int+4}
 34814 | IceCv    | Identified the ring "Jucus" {rF+ Dex+3}
 35533 | Swamp:4  | Entered Level 4 of the Swamp
 36167 | Swamp:4  | Reached skill level 14 in Fighting
 36308 | Swamp:4  | Found a runed translucent gate.
 36308 | Swamp:4  | Found a runed translucent gate.
 36308 | Swamp:4  | Found a runed translucent gate.
 36309 | Swamp:4  | Noticed Ceno's ghost (adept FeAl)
 36311 | Swamp:4  | Noticed Strat's ghost (adept DrFi)
 36311 | Swamp:4  | Noticed bakla's ghost (journeyman TrAl)
 36312 | Swamp:4  | Noticed Monkooky's ghost (adept AtSh)
 36343 | Swamp:4  | Noticed the 27-headed Lernaean hydra
 36504 | Swamp:4  | Killed the 27-headed Lernaean hydra
 36554 | Swamp:4  | Got a decaying rune of Zot
 36952 | Elf:1    | Entered Level 1 of the Elven Halls
 37071 | Elf:1    | Got the Teachings on the Prime Material
 37875 | Elf:2    | Reached skill level 15 in Armour
 38074 | Elf:2    | Reached XP level 20. HP: 160/160 MP: 29/29
 38158 | Elf:2    | Found a runed translucent gate.
 38158 | Elf:2    | Found a runed translucent gate.
 38161 | Elf:2    | Found a runed translucent gate.
 38292 | Elf:2    | Found Acyach's General Store.
 38974 | Elf:2    | Reached skill level 15 in Fighting
 39268 | Elf:3    | Entered Level 3 of the Elven Halls
 39432 | Elf:3    | Paralysed by an air elemental for 1 turns
 39601 | Elf:3    | Found Ycays's Antique Weapon Boutique.
 39638 | Elf:3    | Identified the ring of Lugonu's Regard {rPois rC+ Will+
                  | EV+5}
 39664 | Elf:3    | Paralysed by an air elemental for 1 turns
 39668 | Elf:3    | Paralysed by an air elemental for 1 turns
 39893 | Elf:3    | Found a radiant altar of Vehumet.
 40036 | Elf:3    | Identified the +0 robe of Lethargy {Fly rElec Int+4
                  | Archmagi}
 40680 | Elf:3    | Found the +1 cloak of Starlight {*Dazzle EV+4 Stlth--}
 40834 | Elf:3    | Identified the staff of Debt {rF- rC+ Str+4 Fire Ice Earth}
 40865 | Elf:3    | Identified the ring "Royhux" {rF- rC+ Int+6 Slay+2 Stlth+}
 40880 | Elf:3    | Identified the +4 ring mail "Ovasch" {rF+}
 41173 | Elf:3    | Got the Vellum of Calefaction and Transfiguration
 41215 | Elf:3    | Learned a level 1 spell: Apportation
 41218 | Elf:3    | Learned a level 2 spell: Blink
 41469 | Vaults:1 | Entered Level 1 of the Vaults
 41485 | Vaults:1 | Reached XP level 21. HP: 169/169 MP: 30/30
 41495 | Vaults:1 | Identified the +1 chain mail of Cuninaump {Will+ rCorr}
 41515 | Vaults:1 | Reached skill level 1 in Translocations
 42592 | Vaults:1 | Found Dumoaq's Armour Emporium.
 42932 | Vaults:2 | Noticed Mara
 42934 | Vaults:2 | Noticed juan097's illusion
 42938 | Vaults:1 | Noticed juan097's illusion
 42944 | Vaults:1 | Killed Mara
 43382 | Vaults:2 | Reached skill level 5 in Translocations
 43796 | Vaults:2 | Found Wibbiefe's Distillery.
 44128 | Vaults:2 | Identified the +0 cloak "Iregomea" {rElec Stlth+}
 44146 | Vaults:2 | Identified the +11 trident "Veunen" {antimagic, Int+2
                  | Stlth+}
 44418 | Vaults:2 | Found a staircase to the Crypt.
 44625 | Vaults:3 | Reached skill level 16 in Fighting
 44921 | Vaults:3 | Reached XP level 22. HP: 167/178 MP: 31/31
 45518 | Vaults:3 | Found Jypaer's Distillery.
 45537 | Vaults:3 | Identified the +6 glaive of Theory {antimagic, rElec Dex+2}
 45776 | Vaults:3 | Reached skill level 15 in Evocations
 47218 | Vaults:4 | Reached skill level 17 in Fighting
 47256 | Vaults:4 | Identified the +7 rapier "Giafaf Nime" {flame, rPois Dex+3}
 47316 | Vaults:4 | Identified the +10 trident "Pigajauc" {elec, rElec rN+
                  | Str-5 SInv}
 47653 | Vaults:4 | Reached XP level 23. HP: 187/187 MP: 33/33
 47689 | Vaults:4 | Reached skill level 1 in Spellcasting
 47817 | Vaults:4 | Acquired the +1 sling of Light {drain, +Blink rN++ MP-9
                  | Int-4}
 48060 | Depths:1 | Entered Level 1 of the Depths
 48405 | Depths:1 | Found a shimmering blue altar of Sif Muna.
 48929 | Depths:1 | Identified the +2 ring mail of Uskayaw, Gnashing {rN+
                  | Str+2}
 49573 | Depths:1 | Found a gateway to Hell.
 50378 | Depths:2 | Reached skill level 18 in Fighting
 50393 | Depths:2 | Learned a level 4 spell: Passage of Golubria
 50396 | Depths:2 | Learned a level 2 spell: Lesser Beckoning
 50413 | Depths:2 | Noticed a juggernaut
 50429 | Depths:2 | Killed a juggernaut
 50989 | Depths:2 | Reached XP level 24. HP: 178/198 MP: 24/33
 51032 | Depths:2 | Found a sacrificial altar of Ru.
 51706 | Depths:2 | Found a one-way gate leading to the halls of Pandemonium.
 51903 | Depths:3 | Noticed an ancient lich
 51904 | Depths:3 | Found a one-way gateway to a ziggurat.
 51904 | Depths:3 | Noticed a dread lich
 51904 | Depths:3 | Noticed a dread lich
 52815 | Depths:3 | Found a one-way gate to the infinite horrors of the Abyss.
 53205 | Depths:3 | Identified the +4 falchion of the Nexus {spect, *Rage
                  | +Blink Str+3}
 53276 | Depths:3 | Identified the +5 mace of the Open Hand {flame, Will+ SInv}
 53567 | Depths:4 | Entered Level 4 of the Depths
 53815 | Depths:4 | Found a gate to the Realm of Zot.
 54324 | Depths:4 | Noticed Parghit
 54413 | Depths:4 | Killed Parghit
 55457 | Crypt:1  | Entered Level 1 of the Crypt
 55485 | Crypt:1  | Noticed Khufu
 55487 | Crypt:1  | Noticed Zenata
 55498 | Crypt:1  | Killed Khufu
 55499 | Crypt:1  | Reached skill level 10 in Translocations
 55731 | Crypt:1  | Killed Zenata
 56007 | Crypt:1  | Found a basalt altar of Yredelemnul.
 56274 | Crypt:1  | Noticed Mennas
 56316 | Crypt:1  | Killed Mennas
 56317 | Crypt:1  | Reached XP level 25. HP: 193/206 MP: 34/34
 56567 | Crypt:2  | Reached skill level 19 in Fighting
 57173 | Crypt:2  | Reached skill level 15 in Invocations
 57278 | Crypt:2  | Reached skill level 5 in Spellcasting
 57517 | Crypt:3  | Entered Level 3 of the Crypt
 58859 | Crypt:3  | Noticed a dread lich
 58888 | Crypt:3  | Killed a dread lich
 59096 | Crypt:3  | Got the Enchiridion on Skeletons
 59787 | Crypt:3  | Found a staircase to the Tomb.
 59881 | Crypt:3  | Found the amulet of Vitality {RegenMP++ Regen++}
 59912 | Crypt:3  | Got the Secrets of Grim Interference
 60252 | Snake:2  | Killed MadMike78's ghost
 60459 | D:8      | Killed zeratav's ghost
 60660 | Swamp:4  | Killed Ceno's ghost
 60667 | Swamp:4  | Killed bakla's ghost
 60674 | Swamp:4  | Killed Strat's ghost
 60689 | Swamp:4  | Killed Monkooky's ghost
 60724 | Swamp:4  | Learned a level 6 spell: Dispersal
 60984 | Orc:2    | Bought a ring of resist corrosion for 320 gold pieces
 61160 | Slime:1  | Entered Level 1 of the Pits of Slime
 61179 | Lair:4   | Reached XP level 26. HP: 204/217 MP: 33/34
 61295 | Slime:2  | Gained mutation: You are frail. (-10% HP) [a shining eye]
 61395 | Slime:3  | Reached skill level 20 in Fighting
 61462 | Slime:5  | Entered Level 5 of the Pits of Slime
 61487 | Slime:5  | Gained mutation: You occasionally shout uncontrollably at
                  | your foes. [a shining eye]
 61525 | Slime:5  | Noticed the Royal Jelly
 61550 | Slime:5  | Found a viscous altar of Jiyva.
 61565 | Slime:5  | Found the +3 greatsling "Punk" {acid, rCorr}
 61570 | Slime:4  | Gained mutation: Your body sometimes deteriorates upon
                  | taking damage. [a shining eye]
 61920 | Slime:5  | Killed the Royal Jelly
 62098 | Slime:5  | Identified the +5 morningstar "Noppeor" {freeze, Str+3
                  | Int+3 Dex-5}
 62217 | Slime:5  | Identified the staff "Nafroiwi" {rPois Hexes Alchemy}
 62219 | Slime:5  | Got a slimy rune of Zot
 62305 | Slime:5  | Got Tinom's Tome of the Snowflakes and Combat Magic
 62308 | Slime:5  | Identified the +3 lajatang "Jona Ge Vim" {freeze, rF+ Str+2
                  | Int+3}
 62322 | Slime:5  | Identified the +0 longbow of the Common Good {flame, rF+
                  | Str+4}
 62391 | Slime:5  | Identified the +10 longbow of Qazlal's Condemnation
                  | {freeze, ^Fragile rElec rF+ Dex+3}
 62578 | Slime:5  | Reached XP level 27. HP: 201/201 MP: 35/35
 62579 | Slime:5  | Lost mutation: You are frail. (-10% HP) [potion of
                  | mutation]
 62579 | Slime:5  | Lost mutation: You occasionally shout uncontrollably at
                  | your foes. [potion of mutation]
 62579 | Slime:5  | Lost mutation: Your body sometimes deteriorates upon taking
                  | damage. [potion of mutation]
 62579 | Slime:5  | Gained mutation: You expend magic power (3 MP) to
                  | strengthen your wands. [potion of mutation]
 62822 | Orc:2    | Bought a ring of see invisible for 240 gold pieces
 63114 | Zot:1    | Entered Level 1 of the Realm of Zot
 63259 | Zot:1    | Noticed an orb of fire
 63269 | Zot:1    | Gained mutation: You have hidden genetic defects. [an orb
                  | of fire]
 63274 | Zot:1    | Killed an orb of fire
 63320 | Zot:1    | Lost mutation: You have hidden genetic defects. [potion of
                  | mutation]
 63320 | Zot:1    | Lost mutation: You expend magic power (3 MP) to strengthen
                  | your wands. [potion of mutation]
 63320 | Zot:1    | Gained mutation: You expend magic power (3 MP) to
                  | strengthen your wands. [potion of mutation]
 63320 | Zot:1    | Gained mutation: You have hidden genetic defects. [potion
                  | of mutation]
 63320 | Zot:1    | Gained mutation: You have a pair of small horns on your
                  | head. [potion of mutation]
 63320 | Zot:1    | Gained mutation: Your natural rate of healing is unusually
                  | fast. [potion of mutation]
 63322 | Zot:1    | Lost mutation: Your natural rate of healing is unusually
                  | fast. [potion of mutation]
 63322 | Zot:1    | Lost mutation: You have hidden genetic defects. [potion of
                  | mutation]
 63322 | Zot:1    | Gained mutation: You occasionally lose the ability to drink
                  | potions when taking damage. [potion of mutation]
 63322 | Zot:1    | Gained mutation: You are vulnerable to cold. (rC-) [potion
                  | of mutation]
 63322 | Zot:1    | Gained mutation: You are robust. (+10% HP) [potion of
                  | mutation]
 63323 | Zot:1    | Lost mutation: You expend magic power (3 MP) to strengthen
                  | your wands. [potion of mutation]
 63323 | Zot:1    | Lost mutation: You are robust. (+10% HP) [potion of
                  | mutation]
 63323 | Zot:1    | Lost mutation: You are vulnerable to cold. (rC-) [potion of
                  | mutation]
 63323 | Zot:1    | Gained mutation: You occasionally lose the ability to read
                  | scrolls when taking damage. [potion of mutation]
 63323 | Zot:1    | Gained mutation: You have a pair of horns on your head.
                  | [potion of mutation]
 63324 | Zot:1    | Lost mutation: You occasionally lose the ability to drink
                  | potions when taking damage. [potion of mutation]
 63324 | Zot:1    | Lost mutation: You occasionally lose the ability to read
                  | scrolls when taking damage. [potion of mutation]
 63324 | Zot:1    | Lost mutation: You have a pair of horns on your head.
                  | [potion of mutation]
 63324 | Zot:1    | Gained mutation: Your muscles are strong. (Str +4, Int/Dex
                  | -1) [potion of mutation]
 63324 | Zot:1    | Gained mutation: Your magical capacity is low. (-10% MP)
                  | [potion of mutation]
 63324 | Zot:1    | Gained mutation: Potions are less effective at restoring
                  | your health. [potion of mutation]
 63324 | Zot:1    | Gained mutation: Your spells are a little harder to cast,
                  | but a little more powerful. [potion of mutation]
 64882 | Zot:3    | Reached skill level 21 in Fighting
 64902 | Zot:3    | Found a shimmering altar of Xom.
 64902 | Zot:3    | Found a shimmering altar of Xom.
 64903 | Zot:3    | Found a shimmering altar of Xom.
 64903 | Zot:3    | Found a shimmering altar of Xom.
 64903 | Zot:3    | Found a shimmering altar of Xom.
 64903 | Zot:3    | Found a glowing silver altar of Zin.
 65396 | Zot:3    | Found a shimmering altar of Xom.
 66193 | Zot:5    | Entered Level 5 of the Realm of Zot
 66797 | Zot:5    | Noticed a dread lich
 66804 | Zot:5    | Killed a dread lich
 66857 | Zot:5    | Noticed an orb of fire
 66857 | Zot:5    | Gained mutation: Your health recovers twice as slowly from
                  | being drained. [an orb of fire]
 66859 | Zot:5    | Gained mutation: You are clumsy. (Dex -2) [an orb of fire]
 66874 | Zot:5    | Killed an orb of fire
 66891 | Zot:5    | Noticed an orb of fire
 66896 | Zot:5    | Killed an orb of fire
 66899 | Zot:5    | Noticed an orb of fire
 66903 | Zot:5    | Noticed an orb of fire
 66909 | Zot:5    | Gained mutation: Potions cannot restore your health. [an
                  | orb of fire]
 66910 | Zot:5    | Killed an orb of fire
 66921 | Zot:5    | Killed an orb of fire
 66922 | Zot:5    | Noticed an ancient lich
 66928 | Zot:5    | Killed an ancient lich
 66937 | Zot:5    | Noticed an orb of fire
 66939 | Zot:5    | Lost mutation: Your spells are a little harder to cast, but
                  | a little more powerful. [an orb of fire]
 66948 | Zot:5    | Lost mutation: Your muscles are strong. (Str +4, Int/Dex
                  | -1) [an orb of fire]
 66950 | Zot:5    | Gained mutation: You are weak. (Str -2) [an orb of fire]
 66951 | Zot:5    | Killed an orb of fire
 66963 | Zot:5    | Reached skill level 22 in Fighting
 66964 | Zot:5    | Noticed an orb of fire
 66974 | Zot:5    | Killed an orb of fire
 66991 | Zot:5    | Got Sif Muna's Directory of Lucent Lightning
 67008 | Zot:5    | Noticed an ancient lich
 67009 | Zot:5    | Noticed an orb of fire
 67013 | Zot:5    | Killed an ancient lich
 67021 | Zot:5    | Killed an orb of fire
 67129 | Zot:5    | Noticed an orb of fire
 67134 | Zot:5    | Gained mutation: Armour fits poorly on your strangely
                  | shaped body. [an orb of fire]
 67138 | Zot:5    | Noticed an orb of fire
 67140 | Zot:5    | Killed an orb of fire
 67141 | Zot:5    | Noticed an orb of fire
 67145 | Zot:5    | Gained mutation: You sometimes lose your temper in combat.
                  | [an orb of fire]
 67153 | Zot:5    | Noticed a dread lich
 67156 | Zot:5    | Gained mutation: You are frail. (-10% HP) [an orb of fire]
 67156 | Zot:5    | Gained mutation: You are vulnerable to cold. (rC-) [an orb
                  | of fire]
 67173 | Zot:5    | Killed an orb of fire
 67285 | Zot:4    | Lost mutation: Armour fits poorly on your strangely shaped
                  | body. [potion of mutation]
 67285 | Zot:4    | Lost mutation: Your health recovers twice as slowly from
                  | being drained. [potion of mutation]
 67285 | Zot:4    | Lost mutation: You are weak. (Str -2) [potion of mutation]
 67285 | Zot:4    | Gained mutation: Your flesh is heat resistant. (rF+)
                  | [potion of mutation]
 67285 | Zot:4    | Gained mutation: You have an uncontrollable temper. [potion
                  | of mutation]
 67285 | Zot:4    | Gained mutation: Your magical capacity is very low. (-20%
                  | MP) [potion of mutation]
 67285 | Zot:4    | Gained mutation: Your muscles are strong. (Str +4, Int/Dex
                  | -1) [potion of mutation]
 67315 | Zot:5    | Acquired a manual of Staves
 67320 | Zot:5    | Gained mutation: Your body sometimes deteriorates upon
                  | taking damage. [an orb of fire]
 67321 | Zot:5    | Gained mutation: You do not regenerate when monsters are
                  | visible. [an orb of fire]
 67329 | Zot:5    | Killed an orb of fire
 67473 | Zot:5    | Killed a dread lich
 67518 | Zot:5    | Identified the serpent talisman of Scuffed Mirth {Int+3
                  | Stlth+}
 67589 | Zot:5    | Lost mutation: Your magical capacity is very low. (-20% MP)
                  | [potion of mutation]
 67589 | Zot:5    | Lost mutation: You are frail. (-10% HP) [potion of
                  | mutation]
 67589 | Zot:5    | Lost mutation: Your magical capacity is low. (-10% MP)
                  | [potion of mutation]
 67589 | Zot:5    | Gained mutation: Your body often deteriorates upon taking
                  | damage. [potion of mutation]
 67589 | Zot:5    | Lost mutation: You have an uncontrollable temper. [potion
                  | of mutation]
 67590 | Zot:5    | Lost mutation: You do not regenerate when monsters are
                  | visible. [potion of mutation]
 67590 | Zot:5    | Lost mutation: You are vulnerable to cold. (rC-) [potion of
                  | mutation]
 67590 | Zot:5    | Lost mutation: You are clumsy. (Dex -2) [potion of
                  | mutation]
 67590 | Zot:5    | Gained mutation: You have an uncontrollable temper. [potion
                  | of mutation]
 68052 | Vaults:5 | Entered Level 5 of the Vaults
 68251 | Vaults:5 | Identified the +0 fire dragon scales "Tapsaup" {rPois rF++
                  | rC- Int+4}
 68318 | Vaults:5 | Identified the +1 rapier of the Screaming Fulmar {drain,
                  | +Blink Will+ Dex+3}
 68440 | Vaults:5 | Identified the staff "Lioqiurgh" {rElec rC+ Str-2 Summ Air}
 68618 | Vaults:5 | Got a silver rune of Zot
 68773 | Vaults:5 | Identified the staff of Due Proportion {rElec Int+2 Air}
 68785 | Vaults:5 | Noticed an ancient lich
 68790 | Vaults:5 | Killed an ancient lich
 68865 | Vaults:5 | Identified the +3 ring mail "Ujaogadgh" {rPois}
 68865 | Vaults:5 | Identified the amulet of the Sunfish {Acrobat ^Drain Will+
                  | Dex+5}
 69013 | Vaults:5 | Identified the staff of Lynateuh {Dex+4 Hexes Earth}
 69087 | Vaults:5 | Identified the +0 robe of Gravity {Harm *Slow rN+++
                  | Archmagi}
 69222 | Vaults:5 | Identified the +1 robe of Lumeew {Int+2}
 69884 | Depths:2 | Killed a dread lich
 69885 | Depths:2 | Reached skill level 23 in Fighting
 69899 | Depths:3 | Killed a dread lich
 69907 | Depths:3 | Killed an ancient lich
 69964 | Zig:1    | Entered Level 1 of a ziggurat
 69978 | Zig:2    | Entered Level 2 of a ziggurat
 70000 | Zig:3    | Entered Level 3 of a ziggurat
 70028 | Zig:4    | Entered Level 4 of a ziggurat
 70077 | Zig:4    | Identified the +10 hand axe "Akeo" {freeze, Str+2}
 70085 | Zig:5    | Entered Level 5 of a ziggurat
 70119 | Zig:5    | Identified the staff of Kindness {rF+ Stlth+ Conj}
 70124 | Zig:6    | Entered Level 6 of a ziggurat
 70127 | Zig:6    | Noticed a royal mummy
 70129 | Zig:6    | Noticed a royal mummy
 70139 | Zig:6    | HP: 6/352 [death scarab[a royal mummy] (14)]
 70139 | Zig:6    | Slain by a death scarab

Illustrated notes

Levels and vault maps discovered:
D:1:      dpeg_arrival_subterranean_lakeside_camping, layout_loops_ring,
          dreamdust_ecumenical_altar_drowned_temple, minivault_11
D:2:      layout_loops_cross, minmay_small_reverse_x, uniq_robin, uniq_natasha,
          uniq_terence
D:3:      kennysheep_big_flooded_room, layout_loops_corners
D:4:      layout_basic, led_xom_imps, minmay_temple_entry_gardened_gates
D:5:      minmay_recursive_quarters, layout_basic, nzn_hepliaklqana_mist_gate,
          old_standard_altar, serial_library,
          serial_library_hellmonk_open_square, serial_library_hellmonk_room_b,
          serial_library_hellmonk_double_dead_end,
          serial_library_hellmonk_statue_hall,
          serial_library_regret_index_headful,
          serial_library_hellmonk_long_bookcase,
          serial_library_hellmonk_angled_corner, uniq_edmund
D:6:      layout_loops_ring, nicolae_overflow_hidden_temple,
          okawaru_altar_gauntlet_db, enter_ossuary_2, uniq_sigmund
D:7:      layout_layer_cave, nicolae_kikubaaqudgha_miasma_corner,
          grunt_ministairs_15, nicolae_benzene_ring, uniq_maggie, uniq_jeremiah
D:8:      layout_loops_ring, ebering_ghost_funeral_grove, minmay_shop_mayhem,
          minmay_fractal_squares_5, uniq_grum
D:9:      layout_long_grid, gammafunk_temple_overflow_arena,
          lightli_temple_of_fire, grunt_lair_entry_orc_guard_hut, enter_bailey_3
D:10:     layout_loops_cross, mainiacjoe_overflow_paths
D:11:     layout_gridville
D:12:     layout_cave_pools, kennysheep_orc_monster_closet_entryway,
          ebering_ghost_gozag, lightli_wizard_tower, uniq_gastronok, uniq_rupert
D:13:     layout_loops_ring, skrybe_vaults_entry_preservation, serial_shops,
          shop
D:14:     layout_grid_maze, chequers_serial_rivers_small_b,
          nicolae_alphabet_shops, nicolae_shop_dragon_depot
D:15:     hangedman_depths_entry_civil_slaughter, layout_long_grid,
          minmay_misc_feat_room, uniq_louise
Temple:   dshaligram_water_room_temple
Lair:1:   beast_lair_carwin_large_2, layout_layer_cave
Lair:2:   layout_big_grid, minmay_snake_entry_six_corridors,
          chequers_serial_rivers_small_3
Lair:3:   layout_loops_ring, swamp_mist
Lair:4:   layout_roguey, slime_entry_1, lemuel_fruit_fields
Lair:5:   hangedman_lair_tendril_chambers, layout_regular_city,
          serial_bayou_shore_a
Swamp:1:  layout_basic_swamp, evilmike_swamp_ruin_rubble_2,
          nicolae_swamp_tree_isthmus
Swamp:2:  layout_falls_marsh, evilmike_swamp_ruin_rubble_1, swamp_pool_1_2
Swamp:3:  layout_basic_swamp, portal_ice_cave_entry_ugly_swarm,
          evilmike_swamp_ruin_house_3
Swamp:4:  grunt_swamp_rune_castle, layout_basic_swamp, gammafunk_ghost_cemetery,
          swamp_pool_3
Snake:1:  layout_gridlike, serial_shops, nicolae_shop_tiny_waterfront,
          guppyfry_snake_island, serial_bayou_shore_b, minmay_shop_grove,
          uniq_donald
Snake:2:  layout_honeycomb, hellmonk_ghost_happy_afterlife,
          nicolae_snake_salamander_zone, grunt_megastairs_5, uniq_aizul,
          uniq_frances, uniq_vashnia, uniq_nikola, uniq_jorgrun
Snake:3:  layout_honeycomb, grunt_megastairs_2, uniq_roxanne
Snake:4:  snake_pit, layout_cave_pods, lemuel_fruit_tree, minmay_shop_star
Slime:1:  layout_caves
Slime:2:  layout_caves
Slime:3:  layout_caves
Slime:4:  layout_caves
Slime:5:  slime_pit_nicolae_inversion
Orc:1:    layout_diamond_mine
Orc:2:    st_orc_town, layout_caves, serial_shops, nicolae_shop_trees,
          nicolae_shop_self_help, uniq_saint_roka
Elf:1:    nicolae_elf_arrival_fired_up, layout_loops_ring,
          nicolae_elf_shapeshifter_party, lemuel_upstairs_altar
Elf:2:    nicolae_elf_blades_splatter_lattice [nicolae_blade_lattice],
          layout_rooms, serial_shops, shop
Elf:3:    grunt_elf_hall_diamonds, layout_gridlike, serial_shops,
          nicolae_square_shop, basic_altar
Vaults:1: v_misc_12, nicolae_vaults_halls_meeting, vaults_room_grid,
          nicolae_vaults_windows_and_doors_thing,
          nicolae_vaults_twisting_passages, nicolae_vaults_spaceships,
          hangedman_vaults_nodes, nicolae_vaults_closet_pinwheel_4,
          vaults_room_pool, ontoclasm_vaults_hangar, ontoclasm_vaults_fault,
          layout_vaults_omnibox, serial_shops, nicolae_shop_mannequins
Vaults:2: nicolae_vaults_security_offices_5, minmay_crypt_entry_simple_plaza,
          vaults_mumra_hexcomb, hangedman_vaults_pinch, vaults_room_fours,
          nicolae_vaults_weapon_check, vaults_mumra_minichess,
          layout_vaults_omnigrid, serial_shops, shop, uniq_mara
Vaults:3: grunt_vaults_bifocal, ontoclasm_vaults_shuriken,
          hangedman_vaults_stream, nicolae_vaults_heist,
          nicolae_vaults_sightless_eye, dpeg_vaults_pockets_of_resistance,
          vaults_room_pool, dpeg_vaults_monster_box, nicolae_vaults_trapezoid_4,
          v_misc_32, ontoclasm_vaults_gateway, ontoclasm_vaults_eye,
          nicolae_vaults_variable_pillar_hall, nicolae_vaults_tetromino_Z_1,
          layout_vaults_maze_bifur, serial_shops, shop
Vaults:4: vaults_room_glass_cross, vaults_standard_mumra_enter_the_diamond,
          nicolae_vaults_wine_cellar, nicolae_vaults_offset_grid_hallway_2,
          grunt_vaults_swirl, nicolae_vaults_little_ls,
          vaults_standard_mumra_enter_the_diamond, vaults_room_grid,
          vaults_standard_mumra_enter_the_diamond, v_misc_17,
          hangedman_vaults_river_flow, nicolae_vaults_variable_pillar_hall,
          vaults_dpeg_diagonal, nicolae_vaults_trapezoid_lopsided_1,
          nicolae_vaults_trapezoid_2, nicolae_vaults_tetromino_L_1,
          layout_vaults_omnicross
Vaults:5
Crypt:1:  layout_misc_corridors, basic_altar, uniq_mennas, uniq_khufu,
          uniq_zenata
Crypt:2:  layout_misc_corridors
Crypt:3:  due_elkab, layout_chaotic_city, nicolae_tomb_entry_grand_gallery,
          grunt_ministairs_7
Depths:1: layout_cave_shapes, nicolae_sif_muna_condensation, hellmouth_2,
          evilmike_butchery
Depths:2: cheibrodos_spurs, layout_twisted_cross, serial_sigils,
          serial_sigils_hangedman_writhe, serial_sigils_hangedman_confine,
          serial_sigils_hangedman_clutch, serial_sigils_hangedman_quiver,
          rand_demon_pan_entry_4, hell_entry, nicolae_ru_sacrificial_ziggurat,
          infiniplex_staircase_river
Depths:3: grunt_double_whammy, layout_gridville, enter_ziggurat_c,
          nicolae_hexahallways, hellmouth_1, hangedman_abyss_entry_splay,
          skrybe_limestone_x, infiniplex_staircase_pillars_2
Depths:4: grunt_zot_entry_tricorne, layout_honeycomb, grunt_hell_entry_dis_old,
          rand_demon_pan_entry_9, uniq_parghit
Zot:1:    layout_gridlike, regret_index_zotdec_barnacled_simple
Zot:2:    layout_gridville
Zot:3:    dreamdust_zin_vs_xom, layout_onion_interference,
          st_large_dragon_hoard_3, grunt_megastairs_1
Zot:4:    kennysheep_blocky_room, layout_onion_interference
Zot:5:    layout_gridlike
Zig:6

Skill      XL: |  1  2  3  4  5  6  7  8  9 10 11 12 13 14 15 16 17 18 19 20 21 22 23 24 25 26 27 |
---------------+----------------------------------------------------------------------------------+-----
Stealth        | 1 2 3 |  3.2
Ranged Weapons | 4 5 7 8 9 10 12 14 15 16 17 18 | 18.0
Dodging        | 2 3 4 5 6 7 9 12 16 17 18 19 20 22 | 22.6
Fighting       | 3 4 5 6 8 9 11 12 13 14 15 16 17 18 19 20 23 | 23.1
Armour         | 1 2 4 5 6 7 8 9 10 12 13 14 15 16 17 18 19 20 22 | 22.6
Invocations    | 1 3 4 5 6 8 9 10 11 12 13 14 15 16 18 | 18.0
Evocations     | 3 6 7 9 10 12 13 14 15 16 18 20 | 20.3
Translocations | 6 8 10 12 | 12.0
Spellcasting   | 3 4 5 7 |  7.6

Action                     |  1- 3 |  4- 6 |  7- 9 | 10-12 | 13-15 | 16-18 | 19-21 | 22-24 | 25-27 || total
---------------------------+-------+-------+-------+-------+-------+-------+-------+-------+-------++-------
  Melee: Shortbow          |       |       |     1 |       |       |       |       |       |       ||     1
   Fire: Shortbow          |    73 |   307 |   365 |       |       |       |       |       |       ||   745
         Sling             |       |       |   480 |   531 |   842 |  1113 |  1107 |  1441 |  1072 ||  6586
         Hand cannon       |       |       |       |   425 |   842 |  1113 |  1107 |  1441 |  2259 ||  7187
         Greatsling        |       |       |       |       |       |       |       |       |  1187 ||  1187
  Throw: Dart              |       |       |     2 |     9 |     2 |       |       |       |       ||    13
   Cast: Blink             |       |       |       |       |       |       |       |       |     1 ||     1
 Invoke: Upheaval          |       |       |     1 |     2 |     1 |       |     4 |       |       ||     8
         Elemental Force   |       |       |       |     2 |     3 |     2 |     2 |     3 |     5 ||    17
         Disaster Area     |       |       |       |     1 |     2 |       |     1 |     4 |     8 ||    16
  Evoke: Wand              |       |       |       |       |     3 |     3 |     9 |     9 |    10 ||    34
         Tin of tremorston |       |       |       |       |       |       |     6 |     5 |     2 ||    13
    Use: Scroll            |       |     3 |    13 |    27 |    11 |     6 |     7 |    13 |    22 ||   102
         Potion            |       |       |     1 |     1 |     3 |       |     1 |     2 |    25 ||    33
 Armour: Leather armour    |    15 |    68 |       |       |       |       |       |       |       ||    83
         Pearl dragon scal |       |    47 |   277 |   198 |   273 |   267 |   395 |   450 |   832 ||  2739
         Skin              |       |       |       |       |       |       |       |       |   126 ||   126
  Dodge: Dodged            |    18 |   150 |   257 |   234 |   432 |   425 |   656 |  1278 |  2298 ||  5748
         Repelled          |       |       |     3 |     1 |    13 |    45 |    14 |    12 |    65 ||   153
  Block: Other             |     1 |    22 |    58 |    68 |   159 |   165 |   192 |   276 |   440 ||  1381

Table legend: (Time is in decaauts)
 A = Elapsed time spent in this place.
 B = Non-inter-level travel time spent in this place.
 C = Inter-level travel time spent in this place.
 D = Time resting spent in this place.
 E = Time spent auto-exploring this place.
 F = Levels seen in this place.
 G = Mean time per level.
                   A        B        C        D        E       F      G
               +--------+--------+--------+--------+--------+-----+--------+
         Total |  71428 |  63715 |   7713 |   5262 |  41574 |  65 | 1098.9 |
       Dungeon |  20659 |  17491 |   3168 |   1453 |  11823 |  15 | 1377.3 |
        Temple |      1 |      1 |      0 |      0 |      0 |   1 |    1.0 |
          Lair |   5824 |   4980 |    844 |    173 |   3604 |   5 | 1164.8 |
         Swamp |   3511 |   3130 |    381 |    461 |   1790 |   4 |  877.8 |
     Snake Pit |   5703 |   5277 |    426 |    644 |   3272 |   4 | 1425.8 |
    Slime Pits |   1433 |   1365 |     68 |    224 |    438 |   5 |  286.6 |
  Orcish Mines |   2737 |   2102 |    635 |    299 |   1361 |   2 | 1368.5 |
   Elven Halls |   4490 |   4298 |    192 |    441 |   2803 |   3 | 1496.7 |
        Vaults |   8412 |   7662 |    750 |    822 |   4870 |   5 | 1682.4 |
         Crypt |   4399 |   4146 |    253 |    184 |   2658 |   3 | 1466.3 |
        Depths |   7766 |   6990 |    776 |    329 |   5127 |   4 | 1941.5 |
           Zot |   4455 |   4241 |    214 |    115 |   2842 |   5 |  891.0 |
      Ziggurat |    170 |    170 |      0 |      0 |     71 |   6 |   28.3 |
       Ossuary |    721 |    721 |      0 |      0 |    412 |   1 |  721.0 |
        Bailey |    413 |    413 |      0 |    116 |     51 |   1 |  413.0 |
      Ice Cave |    727 |    727 |      0 |      0 |    450 |   1 |  727.0 |
               +--------+--------+--------+--------+--------+-----+--------+

Top non-repeatable levels by time:
 Crypt:3: 2324 daAuts
Vaults:2: 2253 daAuts
     D:5: 2232 daAuts
Depths:1: 2158 daAuts
 Snake:2: 2073 daAuts
Depths:2: 2057 daAuts
     D:9: 2016 daAuts
     D:7: 2008 daAuts
   Elf:2: 1949 daAuts
Depths:3: 1783 daAuts
Depths:4: 1766 daAuts
Vaults:1: 1736 daAuts
Vaults:3: 1672 daAuts
   Elf:3: 1590 daAuts
    D:13: 1584 daAuts
